cohdb
Replays
Latest Replays
All Replays
Popular Replays
Top Player Replays
Match Explorer
How It Works
Community
CoH3 Stats
Reddit
Sign in to upload your games and track your stats! →
Sign in with Steam
Match 43660456
Unlisted
Match 43660456
Overview
Messages
Build Orders
End
Royal Engineer Section
Construct Section Command Post
Selects Indian Artillery Battlegroup
Dingo Light Scout Car
Infantry Section
Infantry Section
Construct Platoon Command Post
Humber Armored Car
Selects Valour
Humber Armored Car
Construct Field Infirmary
6-pounder Anti-tank Gun Team
Selects Artillery Saturation
Construct Company Command Post
Selects Off-map Airburst Barrage
Matilda II Heavy Tank
Foot Guards Section
Off-map Airburst Barrage
Foot Guards Section
Off-map Airburst Barrage
Selects BL5.5 Artillery Emplacement
Off-map Airburst Barrage
Unlock M3 Grant Medium Tanks
Selects Gurkha Rifles Section
M3 Grant Medium Tank
AI Takeover
屑馒头_super sher
Bish Bash Bosh
♛Prince-Of-Persia♛
Meleys
克劳塞尔
Grubby丶M
Аферист Федерико
Fatal1ty
0
0
Comments
sign in to comment!
No comments posted yet!